 Dungeon Crawl Stone Soup version 0.27-a0-860-gaf99fae3ca (webtiles) character file.

Game seed: 1661599481052157319

105 robertstho the Sneak (level 4, -4/44 HPs)
             Began as a Troll Delver on Apr 1, 2021.
             Killed from afar by an orc wizard (10 damage)
             ... with a magic dart
             ... on level 4 of the Dungeon.
             The game lasted 00:00:51 (202 turns).

robertstho the Sneak (Troll Delver)                  Turns: 202, Time: 00:00:51

Health: -4/44      AC:  4    Str: 21    XL:     4   Next: 53%
Magic:  3/3        EV: 10    Int:  6    God:
Gold:   25         SH:  0    Dex: 11    Spells: 3/3 levels left

rFire    . . .     SeeInvis .     - Unarmed
rCold    . . .     Faith    .   (no shield)
rNeg     + . .     Spirit   .   a - +0 robe
rPois    .         Reflect  .   (helmet restricted)
rElec    .         Harm     .   (no cloak)
rCorr    .         Rampage  .   (gloves unavailable)
Will     .....                  (boots unavailable)
Stlth    ++........             (no amulet)
HPRegen  1.14/turn              g - ring of positive energy
MPRegen  0.08/turn              (no ring)

@: no status effects
A: large, unfitting armour, claws 3, regeneration 1, shaggy fur 1, tough skin 1
a: no special abilities


You were on level 4 of the Dungeon.
You visited 1 branch of the dungeon, and saw 2 of its levels.

You collected 25 gold pieces.

Inventory:

Armour
 a - a +0 robe (worn)
Jewellery
 g - a ring of positive energy (left claw)
Wands
 f - a wand of digging (3)
 h - a wand of flame (15)
Scrolls
 b - a scroll of fog
 c - a scroll of magic mapping
Potions
 d - a potion of heal wounds {unknown}
 e - a potion of haste


   Skills:
 + Level 2.8 Fighting
 + Level 1.9 Dodging
 + Level 3.5 Stealth
 + Level 2.4 Unarmed Combat


You had 3 spell levels left.
You didn't know any spells.
Your spell library was empty.

Dungeon Overview and Level Annotations

Branches:
Dungeon (5/15)
 Temple: D:4-7

Altars:

Annotations:
D:5 Blork the orc


Innate Abilities, Weirdness & Mutations

You are too large for most types of armour.
You have claws for hands.
Your natural rate of healing is unusually fast.
You are covered in fur. (AC +1)
You have tough skin. (AC +1)


Message History

You closely miss the orc wizard.
The orc wizard is severely wounded.
Something hits you but does no damage.
The orc wizard hits you with a +0 dagger.
You closely miss the orc wizard.
The orc wizard is severely wounded.
Something hits you.
The orc wizard hits you but does no damage.
You scratch the orc wizard.
The orc wizard is almost dead.
Something hits you but does no damage.
The orc wizard hits you with a +0 dagger.
You claw the orc wizard!
You kill the orc wizard!
Something hits you but does no damage.
You miss something. Something hits you.
You closely miss something.
You hear some strange, mumbled words.
You are confused.
Something hits you but does no damage.
Things that are here:
a +0 short sword; a +0 hand axe; an orc corpse A magic dart appears from out of thin air!
The magic dart hits you!
* * * LOW HITPOINT WARNING * * *
You feel less confused.
You hear some strange, mumbled words.
A puff of flame appears from out of thin air!
The puff of flame hits you!
* * * LOW HITPOINT WARNING * * *
You miss something.
You hear some strange, mumbled words.
A puff of flame appears from out of thin air!
The puff of flame hits you.
* * * LOW HITPOINT WARNING * * *
You closely miss something.
You hear some strange, mumbled words.
A magic dart appears from out of thin air!
The magic dart hits you!
You die...

#############
#...........#
#...........#
+....$......#
#...........#
..##)|)........#
#......[{.......####
#.###....@.........#
############.#.#
...#.# ###.#.#
#.#.### ..#.†.#
#####.# .######.#
.......>#


There were no monsters in sight!

Vanquished Creatures
  A bullfrog skeleton (D:5)
  An orc priest (D:4)
  An orc wizard (D:4)
  An adder (D:4)
  2 adder skeletons
  2 orcs (D:4)
  A hobgoblin (D:4)
9 creatures vanquished.

Notes
Turn   | Place    | Note
-------+----------+-------------------------------------------
     0 | D:5      | robertstho the Troll Delver began the quest for the Orb.
     0 | D:5      | Reached XP level 1. HP: 22/22 MP: 0/0
    19 | D:5      | Reached skill level 3 in Stealth
    19 | D:5      | Reached XP level 2. HP: 15/29 MP: 1/1
    19 | D:5      | Reached XP level 3. HP: 19/36 MP: 2/2
    94 | D:5      | Noticed Blork the orc
   117 | D:5      | Noticed a necrophage
   171 | D:4      | Reached XP level 4. HP: 32/44 MP: 3/3
   202 | D:4      | Killed from afar by an orc wizard

Illustrated notes

Levels and vault maps discovered:
D:4:      layout_basic, serial_shops, nicolae_shop_window_shopping
D:5:      layout_basic, kennysheep_mini_moat, lemuel_coloured_pillars_altar,
          uniq_blork_the_orc

Skill      XL: |  1 |
---------------+----+-----
Stealth        | 3 |  3.5
Fighting       | |  2.8
Dodging        | |  1.9
Unarmed Combat | |  2.4

Action                   |  1- 3 |  4- 6 || total
-------------------------+-------+-------++-------
Melee: Unarmed           |    24 |    24 ||    48
       Punch             |     1 |       ||     1
  Use: Scroll            |     1 |       ||     1
Armor: Robe              |     3 |    12 ||    15
Dodge: Dodged            |    12 |     8 ||    20

Table legend: (Time is in decaauts)
 A = Elapsed time spent in this place.
 B = Non-inter-level travel time spent in this place.
 C = Inter-level travel time spent in this place.
 D = Time resting spent in this place.
 E = Time spent auto-exploring this place.
 F = Levels seen in this place.
 G = Mean time per level.
                   A        B        C        D        E       F      G
               +--------+--------+--------+--------+--------+-----+--------+
         Total |    199 |    199 |      0 |      0 |     83 |   2 |   99.5 |
       Dungeon |    199 |    199 |      0 |      0 |     83 |   2 |   99.5 |
               +--------+--------+--------+--------+--------+-----+--------+

Top non-repeatable levels by time:
     D:5: 137 daAuts
     D:4: 62 daAuts
